 Dungeon Crawl Stone Soup version 0.15.2 (webtiles) character file.

115 JackS81 the Poker (level 5, -3/38 HPs)
             Began as a Merfolk Death Knight on Aug 17, 2017.
             Was a Believer of Yredelemnul.
             Slain by an orc priest
             ... wielding a +0 hand axe
              (4 damage)
             ... on Level 4 of the Dungeon.
             The game lasted 00:20:31 (3864 turns).

JackS81 the Poker (Merfolk Death Knight)            Turns: 3864, Time: 00:20:35

HP  -3/38        AC  3     Str 15      XL: 5   Next:  0%
MP   8/8         EV 11     Int 10      God: Yredelemnul [**....]
Gold 169         SH  0     Dex 13      Spells:  0 memorised,  4 levels left

rFire  . . .     SeeInvis .     h - +0 spear
rCold  . . .     Clarity  .     b - +0 leather armour
rNeg   . . .     rCorr    .     (no shield)
rPois  .         rRot     .     (no helmet)
rElec  .         Spirit   .     (no cloak)
SustAb .         Warding  .     (no gloves)
rMut   .         Stasis   .     (no boots)
Gourm  .                        (no amulet)
MR     .....                    (no ring)
                                (no ring)

@: injury mirror, not resistant to hostile enchantments, very unstealthy
A: change form in water, swift swim
a: Animate Remains, Recall Undead Slaves, Injury Mirror, Renounce Religion


You were on level 4 of the Dungeon.
You worshipped Yredelemnul.
Yredelemnul was pleased with you.
You were not hungry.

You visited 1 branch of the dungeon, and saw 4 of its levels.

You collected 169 gold pieces.

Inventory:

Hand weapons
 a - a +1 mace
 h - a +0 spear (weapon)
Armour
 b - a +0 leather armour (worn)
 k - a +0 ring mail
Comestibles
 c - 2 bread rations
 j - a meat ration
Scrolls
 d - a scroll of noise {unknown}
 e - 3 scrolls of remove curse {unknown}
 f - 3 scrolls of recharging {unknown}
 i - a scroll of immolation {unknown}
 l - 6 scrolls of identify {unknown}
 m - 2 scrolls of enchant weapon {unknown}
 n - a scroll of amnesia {unknown}
 p - a scroll of teleportation {unknown}
 u - a scroll of fear {unknown}


   Skills:
 - Level 2.1 Fighting
 - Level 2.4 Maces & Flails
 * Level 5.5 Polearms
 - Level 0.6 Armour
 - Level 1.3 Dodging
 - Level 3.0 Invocations


You had 4 spell levels left.
You didn't know any spells.

Dungeon Overview and Level Annotations

Branches:
Dungeon (4/15)
 Temple: D:4-7

Altars:
Elyvilon
Sif Muna


Message History

The orc priest is lightly wounded.
Magic courses through your body.
It was a potion of magic.
The orc wizard barely misses you. The orc wizard hits you with a dagger.
* * * LOW HITPOINT WARNING * * *
Yredelemnul mirrors your injury!
The orc wizard is moderately wounded.
The orc wizard hits you with a dagger.
* * * LOW HITPOINT WARNING * * *
Yredelemnul mirrors your injury!
The orc wizard is heavily wounded.
You feel refreshed.
It was a potion of restore abilities.
The orc wizard gestures at you while chanting.
The magic dart hits you!
* * * LOW HITPOINT WARNING * * *
Yredelemnul mirrors your injury!
The orc wizard is almost dead.
The orc priest hits you with a hand axe.
You die...
Your body rises from the dead as a mindless zombie.

.. .# ..##
#####...##
##........###
#...<....o...
##.####.....##
##oo# ..###
#.@## .# ####
#


You could see an orc priest and an orc wizard.

Vanquished Creatures
  4 adders (D:2)
  A giant mite (D:2)
  An orc skeleton (D:4)
  2 giant geckos
  An ooze (D:2)
  2 orcs (D:3)
  4 bats
  12 hobgoblins
  10 kobolds
  3 ball pythons
  3 giant cockroaches
  5 giant newts
  5 goblins
  9 rats
62 creatures vanquished.

Vanquished Creatures (collateral kills)
  A bat (D:2)
  A giant cockroach (D:1)
  A hobgoblin (D:1)
  A goblin (D:1)
  2 kobolds
6 creatures vanquished.

Vanquished Creatures (others)
  A giant mite zombie (D:2)
  A goblin zombie (D:1)
  A hobgoblin zombie (D:2)
  A rat zombie (D:2)
4 creatures vanquished.

Grand Total: 72 creatures vanquished

Notes
Turn   | Place    | Note
--------------------------------------------------------------
     0 | D:1      | JackS81, the Merfolk Death Knight, began the quest for the Orb.
     0 | D:1      | Reached XP level 1. HP: 16/16 MP: 2/2
   125 | D:1      | Reached XP level 2. HP: 6/22 MP: 3/3
   754 | D:1      | Reached skill level 1 in Polearms
  1054 | D:1      | Reached XP level 3. HP: 25/27 MP: 5/5
  1785 | D:2      | Acquired Yredelemnul's second power
  2129 | D:2      | Reached skill level 4 in Polearms
  2129 | D:2      | Reached XP level 4. HP: 17/33 MP: 6/6
  2674 | D:2      | Found a white marble altar of Elyvilon.
  3047 | D:3      | Reached skill level 5 in Polearms
  3527 | D:3      | Found a deep blue altar of Sif Muna.
  3851 | D:4      | Reached XP level 5. HP: 27/38 MP: 8/8
  3864 | D:4      | HP: 1/38 [orc wizard/magic dart (6)]
  3864 | D:4      | Slain by an orc priest

Action                   |  1- 3 |  4- 6 || total
-------------------------+-------+-------++-------
Melee: Mace              |    44 |       ||    44
       Spear             |   108 |   102 ||   210
Invok: Animate Remains   |     6 |     1 ||     7
       Injury Mirror     |       |     1 ||     1
  Use: Potion            |       |     4 ||     4
 Stab: Distracted        |       |     1 ||     1
       Sleeping          |       |     1 ||     1
  Eat: Chunk             |     4 |       ||     4
       Meat ration       |       |     1 ||     1
       Bread ration      |       |     1 ||     1
